 Dungeon Crawl Stone Soup version 0.29.1-1-gd02db6906a (webtiles) character file.

Game seed: 12348566474230653648

10497 hawla the Arsonist (level 11, -1/58 HPs)
             Began as a Deep Elf Fire Elementalist on Oct 20, 2022.
             Slain by miserystealer's ghost (17 damage)
             ... on level 8 of the Dungeon.
             The game lasted 00:43:16 (15999 turns).

hawla the Arsonist (Deep Elf Fire Elementalist)    Turns: 15999, Time: 00:43:17

Health: -1/58      AC:  6    Str:  5    XL:     11   Next: 37%
Magic:  17/28      EV: 14    Int: 25    God:
Gold:   510        SH:  0    Dex: 15    Spells: 10/33 levels left

rFire   + + .      SeeInvis +   w - staff of air
rCold   + . .      Faith    .   (no shield)
rNeg    . . .      Spirit   .   a - +0 robe
rPois   +          Reflect  .   n - +0 helmet
rElec   +          Harm     .   G - +1 cloak of Virtue {rF++ rCorr SInv}
rCorr   +          Rampage  .   E - +0 pair of gloves
Will    ++...                   (no boots)
Stlth   ++........              F - amulet of magic regeneration
HPRegen 0.19/turn               B - ring of protection from cold
MPRegen 0.61/turn               D - ring of poison resistance

@: studying Fighting
A: strong-willed 1
a: no special abilities


You were on level 8 of the Dungeon.
You visited 2 branches of the dungeon, and saw 12 of its levels.
You also visited: Ossuary.

You collected 510 gold pieces.

Inventory:

Armour
 a - a +0 robe (worn)
 n - a +0 helmet (worn)
 E - a +0 pair of gloves (worn)
 G - the +1 cloak of Virtue (worn) {rF++ rCorr SInv}
   (You found it on level 10 of the Dungeon)

   rF:        It greatly protects you from fire.
   SInv:      It lets you see invisible.
   rCorr:     It protects you from acid and corrosion.
Magical Staves
 w - a staff of air (weapon)
Jewellery
 p - a ring of resist corrosion
 A - a +4 ring of evasion
 B - a ring of protection from cold (left hand)
 D - a ring of poison resistance (right hand)
 F - an amulet of magic regeneration (around neck)
Wands
 q - a wand of mindburst (27) (quivered)
 C - a wand of roots (16)
Scrolls
 e - 7 scrolls of teleportation
 g - a scroll of amnesia
 i - 2 scrolls of blinking
 l - 2 scrolls of enchant armour {unknown}
 t - a scroll of torment {unknown}
 u - a scroll of identify
 v - 2 scrolls of fear {unknown}
 y - a scroll of magic mapping
Potions
 b - a potion of invisibility
 c - 6 potions of curing
 d - a potion of lignification
 f - a potion of berserk rage
 h - 2 potions of flight
 j - 3 potions of might
 k - 3 potions of haste {unknown}
 m - a potion of brilliance
 o - 7 potions of heal wounds {unknown}
 r - 2 potions of resistance
 x - a potion of magic
 z - a potion of ambrosia {unknown}


   Skills:
 + Level 2.4 Fighting
 + Level 1.9 Staves
 + Level 5.5 Dodging
 - Level 3.1 Stealth
 + Level 11.8 Spellcasting
 + Level 8.8 Conjurations
 + Level 13.5 Fire Magic
 + Level 2.0 Air Magic
 + Level 2.0 Evocations


You had 10 spell levels left.
You knew the following spells:

 Your Spells              Type           Power      Damage    Failure   Level
a - Foxfire               Conj/Fire      100%       2x1d9     1%          1
b - Scorch                Fire           100%       2d10      1%          2
c - Flame Wave            Conj/Fire      63%        2d15      1%          4
d - Fireball              Conj/Fire      31%        3d13      1%          5
e - Iskenderun's Battles  Conj           56%        2d11      3%          5
f - Apportation           Tloc           28%        N/A       4%          1
g - Lightning Bolt        Conj/Air       29%        1d45      12%         5

Your spell library contained the following spells:

 Spells                   Type           Power      Damage    Failure   Level
 Static Discharge         Conj/Air       58%        3-11/arc  1%          2
 Conjure Flame            Conj/Fire      63%        6-21      1%          3
 Ignite Poison            Fire/Tmut/Pois 37%        N/A       1%          3
 Inner Flame              Hex/Fire       48%        N/A       1%          3
 Mephitic Cloud           Conj/Pois/Air  49%        N/A       2%          3
 Necrotise                Necr           56%        1d6       4%          1
 Summon Small Mammal      Summ           56%        N/A       4%          1
 Blink                    Tloc           28%        N/A       6%          2
 Gell's Gravitas          Tloc           14%        N/A       12%         3
 Lesser Beckoning         Tloc           14%        N/A       12%         3
 Teleport Other           Tloc           14%        N/A       12%         3
 Freezing Cloud           Conj/Ice/Air   24%        6-21      26%         5
 Conjure Ball Lightning   Conj/Air       29%        3x3d8     56%         6
 Orb of Destruction       Conj           28%        9d9       67%         7
 Manifold Assault         Tloc           14%        N/A       75%         5
 Summon Cactus Giant      Summ           7%         N/A       99%         6
 Maxwell's Capacitive Co  Air            18%        ∞         100%        8


Dungeon Overview and Level Annotations

Branches:
Dungeon (11/15)            Temple (1/1) D:5            Lair (0/5) D:10
Ossuary (visited)
    Orc: D:9-12

Altars:
Ashenzari
Cheibriados
Dithmenos
Elyvilon
Fedhas
Gozag
Hepliaklqana
Kikubaaqudgha
Makhleb
Nemelex Xobeh
Okawaru
Qazlal
Ru
Sif Muna
Trog
Uskayaw
Vehumet
Wu Jian
Xom
Yredelemnul
The Shining One

Shops:
D:2 :   D:9 *   D:11 [

Annotations:
D:8 1 transporter, miserystealer's ghost, novice DsTm
D:10 exclusion: obsidian statue, Lodul
D:11 3 runed translucent doors, Godmorgon's ghost, journeyman TeAE


Innate Abilities, Weirdness & Mutations

You are strong-willed. (Will+)


Message History

The flame wave engulfs the gnoll!!
You kill the gnoll!
The flame wave engulfs the gnoll.
The gnoll is heavily wounded.
You finish channelling waves of flame.
Miserystealer's ghost completely misses you.
Blink to where?
Press: ? - help, Dir - move target
As you read the scroll of blinking, it crumbles to dust.
The gnoll barely misses you.
Casting: Flame Wave (safe; 1% risk of failure)
Confirm with . or Enter, or press ? or * to list all spells.
Casting: Flame Wave (safe; 1% risk of failure)
Press: ? - help, Dir - look around, f - activate A wave of flame ripples out!
The flame wave engulfs the gnoll!
You kill the gnoll! (Press . to intensify the flame waves.) Unknown command.
A wave of flame ripples out!
The flame wave engulfs miserystealer's ghost!!
Miserystealer's ghost is severely damaged.
The flame wave engulfs the gnoll.
The gnoll is heavily wounded.
The gnoll hits you from afar with a +1 vampiric halberd.
The gnoll draws strength from your wounds!
Miserystealer's ghost hits you.
A wave of flame ripples out!
The flame wave engulfs miserystealer's ghost!
Miserystealer's ghost is almost destroyed.
The flame wave engulfs the gnoll!!
You kill the gnoll!
You finish channelling waves of flame.
Miserystealer's ghost hits you!
* * * LOW HITPOINT WARNING * * *
Casting: Flame Wave (safe; 1% risk of failure)
Confirm with . or Enter, or press ? or * to list all spells.
Flames lash miserystealer's ghost.
Miserystealer's ghost is almost destroyed.
Miserystealer's ghost's fire resistance burns away.
Miserystealer's ghost hits you!
You die...

#.≈≈#g#g#.###.©.###.#.#g#≈≈..#
#.≈≈#.g.###©#####g###ggg#≈≈..#
#.≈≈###......)........###≈≈..#
####.≈≈.8#.######g###'##.#8.≈≈..#
.....≈≈.##g#...#8.(#...#.##.≈≈..#
##...~~.#g.g.g:#§©.)...'.g#.~~..#
#...≈≈.##.#...#8))#...#.##.≈≈..#
##...≈≈.8#g######W###'##.#8.≈≈...
<#...≈≈###..g...@........###≈≈...
###..≈≈#...###.#####.###...#≈≈...
.....≈≈#.#.#.###.©.###.#g#g#≈≈...
.....≈≈#####...........#####≈≈...
.....≈≈≈≈≈≈≈≈≈≈≈≈~≈≈≈≈≈≈≈≈≈≈≈≈...
...>.≈≈≈≈≈≈≈≈≈≈≈≈~≈≈≈≈≈≈≈≈≈≈≈≈.>.
....................)............
..........##.#####...............
.....##...##.# ######............


You could see 3 gnoll sergeants, miserystealer's ghost (combustible) and 2
gnolls.

Vanquished Creatures
  Sonja (D:10)
  The ghost of safid the Skirmisher, a novice MiHu (D:6)
  A manticore (D:9)
  An ice statue (D:9)
  A kobold demonologist (D:10)
  2 trolls
  A vampire (D:11)
  A wraith (D:9)
  10 yaks
  2 wyverns
  2 vampire mosquitoes (D:11)
  Menkaure (Ossuary)
  2 acid dragons (D:10)
  3 water moccasins
  3 ice beasts
  4 orc warriors
  2 sky beasts
  2 black bears (D:10)
  6 ogres
  6 centaurs
  A phantom (D:7)
  5 kobold brigands
  5 bullfrogs
  2 gnoll sergeants
  6 scorpions
  8 killer bees
  9 howler monkeys
  A quasit (D:7)
  3 hounds
  2 gnoll boudas
  11 orc priests
  A jelly (D:4)
  4 iguanas
  7 orc wizards
  3 mummies (Ossuary)
  19 gnolls
  4 adders
  7 shadow imps
  4 white imps
  6 ufetubi
  3 worms
  3 dart slugs
  31 orcs
  3 endoplasms
  2 giant cockroaches
  9 goblins
  9 hobgoblins
  14 kobolds
  3 quokkas (D:1)
  5 ball pythons
  6 bats
  6 frilled lizards
  3 gnoll skeletons (Ossuary)
  5 gnoll zombies (Ossuary)
  3 goblin skeletons (Ossuary)
  4 goblin zombies (Ossuary)
  8 hobgoblin skeletons (Ossuary)
  3 hobgoblin zombies (Ossuary)
  2 kobold skeletons (Ossuary)
  5 kobold zombies (Ossuary)
  7 orc skeletons (Ossuary)
  5 orc zombies (Ossuary)
  8 rats
  2 rat skeletons (Ossuary)
  3 rat zombies (Ossuary)
312 creatures vanquished.

Vanquished Creatures (others)
  3 demonic plants (D:7)
  464 foxfires
  23 fungi (D:10)
  44 plants
  8 withered plants (D:7)
542 creatures vanquished.

Grand Total: 854 creatures vanquished

Notes
Turn   | Place    | Note
-------+----------+-------------------------------------------
     0 | D:1      | hawla the Deep Elf Fire Elementalist began the quest for
                  | the Orb.
     0 | D:1      | Reached XP level 1. HP: 10/10 MP: 6/6
   473 | D:1      | Reached XP level 2. HP: 15/15 MP: 6/8
  1213 | D:2      | Learned a level 2 spell: Scorch
  1265 | D:2      | Reached XP level 3. HP: 19/19 MP: 5/9
  1310 | D:2      | Found Acwient's Book Emporium.
  1609 | D:2      | Reached skill level 4 in Fire Magic
  2195 | D:3      | Found a broken altar of Ashenzari.
  2200 | D:3      | Reached XP level 4. HP: 24/24 MP: 9/12
  2294 | D:3      | Found an ornate altar of the Wu Jian Council.
  2478 | D:3      | Found a faded altar of an unknown god.
  2566 | D:3      | Found a hide-covered altar of Uskayaw.
  2583 | D:3      | Learned a level 4 spell: Flame Wave
  2685 | D:4      | Found a snail-covered altar of Cheibriados.
  2748 | D:4      | Reached skill level 5 in Fire Magic
  2748 | D:4      | Reached XP level 5. HP: 14/28 MP: 3/13
  3730 | D:4      | Reached XP level 6. HP: 32/32 MP: 9/14
  4060 | D:4      | Reached skill level 6 in Fire Magic
  4532 | D:4      | Reached XP level 7. HP: 36/36 MP: 7/15
  4623 | D:4      | Reached skill level 1 in Evocations
  4846 | D:5      | Entered Level 5 of the Dungeon
  5015 | D:5      | Found an iron altar of Okawaru.
  5053 | D:5      | Reached skill level 7 in Fire Magic
  5296 | D:5      | Found a staircase to the Ecumenical Temple.
  5308 | Temple   | Entered the Ecumenical Temple
  5582 | D:5      | Reached skill level 5 in Spellcasting
  5582 | D:5      | Reached skill level 5 in Conjurations
  5725 | D:5      | Learned a level 5 spell: Fireball
  6246 | D:6      | Reached skill level 8 in Fire Magic
  6246 | D:6      | Reached XP level 8. HP: 29/41 MP: 3/17
  6526 | D:6      | Reached skill level 9 in Fire Magic
  6704 | D:6      | Found a runed translucent door.
  6814 | D:6      | Found a glowing golden altar of the Shining One.
  7400 | D:6      | Found a shimmering blue altar of Sif Muna.
  7596 | D:6      | Noticed safid's ghost (novice MiHu)
  7765 | D:7      | Reached skill level 10 in Fire Magic
  7923 | D:7      | Reached XP level 9. HP: 20/45 MP: 10/19
  8210 | D:7      | Found an ancient bone altar of Kikubaaqudgha.
  8411 | D:8      | Found a sand-covered staircase.
  8588 | Ossuary  | Entered an ossuary
  8604 | Ossuary  | Learned a level 5 spell: Iskenderun's Battlesphere
  9262 | Ossuary  | Reached skill level 1 in Air Magic
  9338 | Ossuary  | Noticed Menkaure
  9342 | Ossuary  | Killed Menkaure
 10233 | D:8      | Reached skill level 1 in Fighting
 10300 | D:8      | Identified the +3 scale mail of the Sun {Will+++ MP+9
                  | Int+5}
 10319 | D:8      | Found a transporter.
 10319 | D:8      | Found a transporter.
 10324 | D:8      | Noticed miserystealer's ghost (novice DsTm)
 10329 | D:8      | Identified the ring of Ceblime {Wiz rElec Str+3 Int+9
                  | Dex-5}
 10427 | D:8      | Reached skill level 11 in Fire Magic
 11031 | D:9      | Noticed a troll
 11037 | D:9      | Killed a troll
 11266 | D:9      | Found a radiant altar of Vehumet.
 11317 | D:9      | Noticed a manticore
 11323 | D:9      | Killed a manticore
 11324 | D:9      | Reached XP level 10. HP: 52/52 MP: 12/24
 11469 | D:9      | Reached skill level 12 in Fire Magic
 11780 | D:9      | Found a stormy altar of Qazlal.
 11827 | D:9      | Noticed an ice statue
 12135 | D:9      | Found a shimmering altar of Xom.
 12527 | D:9      | Found Tomaibuf's Tempting Trifles.
 12723 | D:9      | Killed an ice statue
 12724 | D:9      | Reached skill level 1 in Staves
 12919 | D:10     | Entered Level 10 of the Dungeon
 12923 | D:10     | Gained mutation: You are strong-willed. (Will+) [potion of
                  | mutation]
 12933 | D:10     | Noticed an obsidian statue
 12972 | D:10     | Noticed an orange demon
 12973 | D:10     | Noticed a soul eater
 13248 | D:11     | Reached skill level 10 in Spellcasting
 13529 | D:11     | Found a runed translucent gate.
 13529 | D:11     | Identified the +1 chain mail of True Grit {Rampage Will-
                  | Dex+5}
 13530 | D:11     | Found a runed translucent gate.
 13531 | D:11     | Found a runed translucent gate.
 13532 | D:11     | Noticed Godmorgon's ghost (journeyman TeAE)
 14238 | D:11     | Found Cycsykke's Armour Boutique.
 14446 | D:10     | Noticed Sonja
 14449 | D:10     | Killed Sonja
 14450 | D:10     | Reached skill level 5 in Dodging
 14450 | D:10     | Reached skill level 13 in Fire Magic
 14450 | D:10     | Reached XP level 11. HP: 22/57 MP: 15/28
 14452 | D:10     | Learned a level 1 spell: Apportation
 14458 | D:10     | Learned a level 5 spell: Lightning Bolt
 14928 | D:10     | Found a staircase to the Lair.
 15008 | D:10     | Identified the +1 cloak of Virtue {rF++ rCorr SInv}
 15392 | D:10     | Noticed Lodul
 15767 | D:10     | Noticed a deep elf pyromancer
 15880 | D:6      | Killed safid's ghost
 15999 | D:8      | Slain by miserystealer's ghost

Illustrated notes

Levels and vault maps discovered:
D:1:      ncdulo_smallfort, layout_basic, st_stairs_4, hex_tiny,
          chequers_serial_rivers_micro_a
D:2:      layout_basic, serial_shops, nicolae_shop_crystal,
          hangedman_feature_mirror
D:3:      layout_rooms, nicolae_uskayaw_suspiria, nicolae_wu_jian_wuxing_cycle,
          mainiacjoe_overflow_brackets, shapermc_ecumenical_altar_mp_vishouse
D:4:      minmay_diamond_boxcup, layout_basic, cheibriados_altar_1,
          chequers_serial_rivers_small_3, minmay_manual_mullet
D:5:      layout_basic, marbit_many_paths, temple_hall
D:6:      layout_layer_cave, lemuel_coloured_pillars_altar, lemuel_doored_altar,
          ebering_ghost_reflecting_pool
D:7:      layout_basic, kiku_gazebo_garden_becter, serial_demonic,
          serial_demonic_a, serial_demonic_g, serial_demonic_c,
          serial_demonic_f, serial_demonic_d, serial_demonic_c,
          serial_demonic_a, serial_demonic_b, kennysheep_generic_room_5
D:8:      layout_basic, chequers_ossuary_entry_cave,
          gammafunk_ghost_gnarly_gnolls
D:9:      layout_grid_maze, mainiacjoe_overflow_alcove_2, fiery_altar_vehumet,
          nicolae_overflow_crystal_walls, nicolae_alphabet_shops, minivault_16
D:10:     layout_stronghold, zin_treasury, due_lair_maze_entry_diamond,
          minmay_protected_statue, uniq_lodul, uniq_sonja
D:11:     layout_stronghold, serial_shops, shop, biasface_ghost_orc_armoury
Temple:   nicolae_temple_bog_church

Skill      XL: |  1  2  3  4  5  6  7  8  9 10 |
---------------+-------------------------------+-----
Stealth        | 3 |  3.1
Conjurations   | 2 3 4 5 6 7 8 |  8.8
Fire Magic     | 4 5 6 8 10 11 13 | 13.5
Spellcasting   | 4 5 8 11 | 11.8
Evocations     | 2 |  2.0
Dodging        | 4 5 |  5.5
Air Magic      | 2 |  2.0
Fighting       | 1 2 |  2.4
Staves         | 1 |  1.9

Action                   |  1- 3 |  4- 6 |  7- 9 | 10-12 || total
-------------------------+-------+-------+-------+-------++-------
Melee: Unarmed           |     5 |     8 |     2 |       ||    15
       Punch             |     1 |       |     1 |     1 ||     3
       Staff             |       |       |   138 |    35 ||   173
 Cast: Foxfire           |    71 |    29 |   114 |    55 ||   269
       Scorch            |     1 |    20 |    65 |    32 ||   118
       Flame Wave        |       |     6 |    13 |    24 ||    43
       Fireball          |       |       |    16 |    23 ||    39
       Iskenderun's Batt |       |       |     3 |     6 ||     9
       Lightning Bolt    |       |       |       |     3 ||     3
  Use: Scroll            |     7 |     1 |    13 |     8 ||    29
       Potion            |       |     3 |       |     2 ||     5
Armor: Robe              |     3 |     8 |    61 |    14 ||    86
Dodge: Dodged            |     5 |    28 |   162 |    75 ||   270
